 Dungeon Crawl Stone Soup version 0.29-a0-520-gc852659d43 (webtiles) character file.

Game seed: 17400359262961441165

145 Bruhh the Gusty (level 5, 0/45 HPs)
             Began as an Ogre Air Elementalist on May 31, 2022.
             Killed by their own static electricity (2 damage)
             ... on level 4 of the Dungeon.
             The game lasted 00:04:08 (4520 turns).

Bruhh the Gusty (Ogre Air Elementalist)             Turns: 4520, Time: 00:04:09

Health: 0/45       AC:  3    Str: 12    XL:     5   Next: 27%
Magic:  0/11       EV:  9    Int: 18    God:
Gold:   198        SH:  0    Dex:  9    Spells: 9/12 levels left

rFire   . . .      SeeInvis .   p - +0 dagger (venom)
rCold   . . .      Faith    .   (no shield)
rNeg    . . .      Spirit   .   a - +0 robe
rPois   .          Reflect  .   (helmet restricted)
rElec   .          Harm     .   (no cloak)
rCorr   .          Rampage  .   (gloves unavailable)
Will    .....                   (boots unavailable)
Stlth   +.........              (no amulet)
HPRegen 0.15/turn               (no ring)
MPRegen 0.12/turn               (no ring)

@: very slightly contaminated
A: large, unfitting armour, tough skin 1
a: no special abilities


You were on level 4 of the Dungeon.
You visited 1 branch of the dungeon, and saw 4 of its levels.

You collected 198 gold pieces.

Inventory:

Hand Weapons
 n - a +0 whip
 p - a +0 dagger of venom (weapon)
Missiles
 l - 2 curare-tipped darts
Armour
 a - a +0 robe (worn)
Scrolls
 b - a scroll of fog {unknown}
 d - a scroll of blinking {unknown}
 g - a scroll of magic mapping {unknown}
 h - 2 scrolls of immolation {unknown}
 i - a scroll of teleportation {unknown}
 j - a scroll of noise {unknown}
 o - a scroll of poison {unknown}
 q - 2 scrolls of identify {unknown}
 r - a scroll of vulnerability {unknown}
 s - a scroll of enchant armour {unknown}
Potions
 e - a potion of brilliance {unknown}
 f - a potion of degeneration {unknown}
 k - a potion of heal wounds {unknown}
 m - a potion of magic


   Skills:
 - Level 1.7 Dodging
 - Level 1.4 Stealth
 - Level 4.0 Spellcasting
 + Level 1.3 Conjurations
 + Level 4.4 Air Magic


You had 9 spell levels left.
You knew the following spells:

 Your Spells              Type           Power      Damage    Failure   Level
a - Shock                 Conj/Air       52%        1d6       4%          1
b - Static Discharge      Conj/Air       13%        N/A       7%          2

Your spell library contained the following spells:

 Spells                   Type           Power      Damage    Failure   Level
 Swiftness                Air            19%        N/A       8%          3
 Foxfire                  Conj/Fire      20%        2x1d5     12%         1
 Airstrike                Air            9%         N/A       24%         4
 Conjure Flame            Conj/Fire      5%         6-21      34%         3
 Inner Flame              Hex/Fire       3%         N/A       41%         3
 Flame Wave               Conj/Fire      5%         2d5       75%         4


Dungeon Overview and Level Annotations

Branches:
Dungeon (4/15)
 Temple: D:4-7

Altars:
Ashenzari

Annotations:
D:4 Grinder


Innate Abilities, Weirdness & Mutations

You are too large for most types of armour.
You have tough skin. (AC +1)


Message History

Grinder is moderately wounded.
Grinder gestures at you.
You suddenly lose the ability to move!
Grinder hits you!
You writhe in agony.
Grinder barely misses you.
You can move again.
Unknown command.
Unknown command.
Casting: Shock (safe; 4% risk of failure)
Confirm with . or Enter, or press ? or * to list all spells.
Grinder is struck by an arc of lightning.
Grinder is moderately wounded.
You are struck by an arc of lightning.
The lightning grounds out.
Grinder hits you.
You writhe in agony.
Unknown command.
Casting: Static Discharge (safe; 7% risk of failure)
Confirm with . or Enter, or press ? or * to list all spells.
Grinder is struck by an arc of lightning!
Grinder is heavily wounded.
You are struck by an arc of lightning.
The lightning grounds out.
Grinder gestures at you. Pain shoots through your body!
* * * LOW HITPOINT WARNING * * *
Unknown command.
You feel better. Grinder hits you but does no damage.
Casting: Static Discharge (safe; 7% risk of failure)
Confirm with . or Enter, or press ? or * to list all spells.
You miscast Static Discharge.
You are very lightly contaminated with residual magic.
Nothing appears to happen.
Grinder hits you.
* * * LOW HITPOINT WARNING * * *
You writhe in agony.
* * * LOW HITPOINT WARNING * * *
Unknown command.
Casting: Static Discharge (safe; 7% risk of failure)
Confirm with . or Enter, or press ? or * to list all spells.
Grinder is struck by an arc of lightning.
Grinder is severely wounded.
You are struck by an arc of lightning.
You die...

#............#
#..)...#####.### ....
#####...### ##.... ....
.......#######.........(
.......^.........##....
.##....########..#...#
##....## #..#.$#
......#########....#
##.....[........@.##
##.##...###....5## #.
###.# #####.# #. ### #.#
#. #.# #.# .(# ###


You could see Grinder.

Vanquished Creatures
  2 orc wizards (D:3)
  2 adders
  2 worms (D:2)
  2 dart slugs (D:1)
  6 orcs (D:3)
  6 ball pythons
  7 bats
  5 endoplasms
  A giant cockroach (D:2)
  6 goblins
  8 hobgoblins
  6 kobolds
  2 quokkas
  3 frilled lizards
  2 rats
60 creatures vanquished.

Notes
Turn   | Place    | Note
-------+----------+-------------------------------------------
     0 | D:1      | Bruhh the Ogre Air Elementalist began the quest for the
                  | Orb.
     0 | D:1      | Reached XP level 1. HP: 16/16 MP: 3/3
   207 | D:1      | Reached XP level 2. HP: 24/24 MP: 3/5
   450 | D:1      | Found a faded altar of an unknown god.
   941 | D:1      | Reached XP level 3. HP: 31/31 MP: 2/7
  1480 | D:1      | Learned a level 2 spell: Static Discharge
  3302 | D:3      | Reached XP level 4. HP: 39/39 MP: 7/9
  3559 | D:3      | Reached XP level 5. HP: 27/45 MP: 2/11
  3736 | D:3      | Found a broken altar of Ashenzari.
  3863 | D:3      | Reached skill level 1 in Conjurations
  4501 | D:4      | Noticed Grinder
  4503 | D:4      | Paralysed by Grinder for 4 turns
  4512 | D:4      | Paralysed by Grinder for 4 turns
  4519 | D:4      | HP: 2/45 [Grinder (5)]
  4520 | D:4      | Killed from afar by themself

Illustrated notes

Levels and vault maps discovered:
D:1:      pf_arrival_petrified_forest, layout_loops_ring,
          shapermc_ecumenical_altar_ellora, nrook_uturn
D:2:      layout_basic
D:3:      layout_loops_ring, marbit_many_paths
D:4:      layout_layer_cave, uniq_grinder

Skill      XL: |  1  2  3  4  5 |
---------------+----------------+-----
Air Magic      | 3 4 |  4.4
Spellcasting   | 3 4 |  4.0
Conjurations   | 1 |  1.3
Dodging        | |  1.7
Stealth        | |  1.4

Action                   |  1- 3 |  4- 6 || total
-------------------------+-------+-------++-------
Melee: Unarmed           |    17 |     8 ||    25
       Whip              |       |    10 ||    10
       Dagger            |       |     7 ||     7
Throw: Dart              |       |     2 ||     2
 Cast: Shock             |    86 |    42 ||   128
       Static Discharge  |     8 |     6 ||    14
  Use: Potion            |     1 |     2 ||     3
Armor: Robe              |    25 |    12 ||    37
Dodge: Dodged            |    27 |    18 ||    45

Table legend: (Time is in decaauts)
 A = Elapsed time spent in this place.
 B = Non-inter-level travel time spent in this place.
 C = Inter-level travel time spent in this place.
 D = Time resting spent in this place.
 E = Time spent auto-exploring this place.
 F = Levels seen in this place.
 G = Mean time per level.
                   A        B        C        D        E       F      G
               +--------+--------+--------+--------+--------+-----+--------+
         Total |   4521 |   4404 |    117 |    373 |   3564 |   4 | 1130.2 |
       Dungeon |   4521 |   4404 |    117 |    373 |   3564 |   4 | 1130.2 |
               +--------+--------+--------+--------+--------+-----+--------+

Top non-repeatable levels by time:
     D:2: 1675 daAuts
     D:1: 1626 daAuts
     D:3: 1123 daAuts
     D:4: 95 daAuts
